[Event "Late-Titled-Tuesday-Blitz-June-25-2024"]
[Site "Chess.com"]
[Date "2024.06.25"]
[Round "7"]
[White "RTchess367"]
[Black "boguszp"]
[Result "1/2-1/2"]
[WhiteElo "2235"]
[BlackElo "1976"]
[TimeControl "180+1"]
[EndTime "15:15:36 PDT"]
[Termination "Game drawn by repetition"]

1. e4 e6 2. d4 d5 3. Bd3 dxe4 4. Bxe4 Nf6 5. Bf3 c5 6. Ne2 Nc6 7. Be3 cxd4 8. Nxd4 Nxd4 9. Qxd4 Qxd4 10. Bxd4 Be7 11. Nc3 O-O 12. O-O Rd8 13. Rfd1 Bd7 14. Bxb7 Rab8 15. Bf3 Rxb2 16. Nd5 Nxd5 17. Bxb2 Bc6 18. c4 Nb4 19. Rxd8+ Bxd8 20. Rd1 Bb6 21. c5 Bxc5 22. Rd8+ Bf8 23. Ba3 a5 24. Bxb4 axb4 25.
Bxc6 f6 26. Ba4 Kf7 27. Bb3 Be7 28. Ra8 Bc5 29. Ra5 Bd6 30. Ra6 Be5 31. Rxe6 Kg6 32. Rb6 Bc3 33. g3 h5 34. h4 Kf5 35. Kg2 g5 36. hxg5 fxg5 37. Bc2+ Ke5 38. Bd1 h4 39. gxh4 gxh4 40. Kh3 Be1 41. Kxh4 Bxf2+ 42. Kg4 Bxb6 43. Bb3 Kd4 44. Kf5 Kc3 45. Ke6 Be3 46. Kd5 Kb2 47.
Kc6 Ka3 48. Kb5 Bd4 49. Kc4 Bb2 50. Kd5 Bc3 51. Kc4 Bb2 52. Kd3 Be5 53. Kc2 Bf6 54.
Kd3 Be5 55. Ke2 Bf6 56. Kf3 Be5 57. Ke4 Bf6 58. Kf5 Bd4 59. Ke6 Bc3 60. Kd5 Bb2 61. Kc5 Bc3 62. Kc4 Bb2 1/2-1/2

[Event "Late-Titled-Tuesday-Blitz-June-25-2024"]
[Site "Chess.com"]
[Date "2024.06.25"]
[Round "7"]
[White "Sondremelaa"]
[Black "Akhayan"]
[Result "1-0"]
[WhiteElo "2586"]
[BlackElo "2398"]
[TimeControl "180+1"]
[EndTime "15:15:37 PDT"]
[Termination "Sondremelaa won by resignation"]

1. e4 e5 2. Nf3 Nc6 3. Bc4 Nf6 4. d3 Bc5 5. c3 O-O 6. O-O d5 7. exd5 Nxd5 8. Re1 Nb6 9. Bb3 Bg4 10. h3 Bh5 11. Nbd2 Qxd3 12. Nxe5 Qg3 13. Qxh5 Qxf2+ 14. Kh2 Qxe1 15.
Ndf3 Bg1+ 16. Kh1 g6 17. Nxe1 gxh5 18. Nxc6 Bc5 19. Ne5 Rae8 20. N1d3 Bd6 21. Nf3 Re2 22. Bh6 Rfe8 23. Re1 Rxe1+ 24. Ndxe1 c6 25. Kg1 Nd5 26. Kf1 Bf8 27. Bxf8 Kxf8 28. Bxd5 cxd5 29. Nd3 Kg7 30. Nf4 Rd8 31. Nxh5+ Kg6 32. Nf4+ Kf5 33. Ne2 Ke4 34. Ke1 Kd3 35. Kd1 Ke3 36. Ke1 Kd3 37. Ned4 a6 38.
Ng5 Rg8 39. Nxf7 Rxg2 40. Ne5+ Ke4 41. Ng4 Rxb2 42. Nf2+ Ke5 43. Nd3+ 1-0

[Event "Late-Titled-Tuesday-Blitz-June-25-2024"]
[Site "Chess.com"]
[Date "2024.06.25"]
[Round "7"]
[White "MKlose11"]
[Black "RaugintaBulba"]
[Result "0-1"]
[WhiteElo "2610"]
[BlackElo "2479"]
[TimeControl "180+1"]
[EndTime "15:15:38 PDT"]
[Termination "RaugintaBulba won by resignation"]

1. e4 e6 2. d4 d5 3. Nc3 Nf6 4. e5 Nfd7 5. f4 c5 6. dxc5 Bxc5 7.
Nf3 a6 8. Bd3 Nc6 9. Qe2 b5 10.
Nd1 Qb6 11. Be3 Bxe3 12. Nxe3 Nd4 13. Nxd4 Qxd4 14. O-O Nc5 15. Rab1 O-O 16. g3 Bd7 17. Rfd1 Nxd3 18. Qxd3 Qxd3 19. cxd3 f6 20. Rbc1 fxe5 21. fxe5 Rf3 22. Re1 d4 23. Nc2 Rxd3 24. Nb4 Rd2 25. Rc7 Rxb2 26. Nd3 Rd2 27. Nf4 Rd8 28. a3 g5 29. Nh5 Kf7 30. Nf6 Ke7 31. Ra7 d3 32. Rxa6 Ra2 33. Rd1 d2 34. Kf2 b4 35. Rd6 Ba4 36. Ng8+ Rxg8 37. R1xd2 Rxd2+ 38. Rxd2 b3 39. Rd6 Rb8 40. Ra6 b2 41. Rxa4 b1=Q 42. Ra7+ Ke8 43. Kf3 Qf5+ 44. Kg2 Rb2+ 0-1

[Event "Late-Titled-Tuesday-Blitz-June-25-2024"]
[Site "Chess.com"]
[Date "2024.06.25"]
[Round "7"]
[White "guineo59"]
[Black "1g60-1"]
[Result "0-1"]
[WhiteElo "2215"]
[BlackElo "2470"]
[TimeControl "180+1"]
[EndTime "15:15:39 PDT"]
[Termination "1g60-1 won by resignation"]

1. d4 e6 2. Nf3 f5 3. Bf4 Nf6 4. e3 b6 5. Bd3 Bb7 6. O-O Bd6 7. c4 O-O 8. Nc3 Nc6 9. Rc1 Ne7 10. Nb5 Bxf4 11. exf4 Ng6 12. g3 Ne4 13. Nc3 Nxc3 14. Rxc3 Qf6 15. Be2 d6 16. Re1 Rfe8 17. Re3 e5 18.
dxe5 dxe5 19. fxe5 Nxe5 20. Nxe5 Rxe5 21. Bf3 Bxf3 22.
Qxf3 Rae8 23. Qd5+ Rxd5 24. Rxe8+ Kf7 25. cxd5 h6 26. b3 Qd4 27. R8e7+ Kg6 28. R1e6+ Kh7 29.
Rxc7 Qd1+ 0-1

[Event "Late-Titled-Tuesday-Blitz-June-25-2024"]
[Site "Chess.com"]
[Date "2024.06.25"]
[Round "7"]
[White "MathiasWomacka"]
[Black "norwaytoadog"]
[Result "1-0"]
[WhiteElo "2524"]
[BlackElo "2363"]
[TimeControl "180+1"]
[EndTime "15:15:40 PDT"]
[Termination "MathiasWomacka won on time"]

1. e4 c5 2. Nf3 Nc6 3. d4 cxd4 4.
Nxd4 e5 5. Nb5 d6 6. c4 Be6 7. N1c3 a6 8. Na3 g6 9. Be3 Bg7 10. Nd5 Bxd5 11. cxd5 Nd4 12. Bd3 Nf6 13. O-O O-O 14.
Nc2 Nh5 15. Qd2 Qh4 16. Nxd4 exd4 17. Bg5 Qg4 18. h3 Qd7 19. Be2 Nf6 20. Qxd4 Ne8 21.
Qd2 f5 22. exf5 Qxf5 23. Bg4 Qe5 24. Rab1 Bf6 25. Be6+ Kh8 26. Bf4 Qh5 27. Bg4 1-0

[Event "Late-Titled-Tuesday-Blitz-June-25-2024"]
[Site "Chess.com"]
[Date "2024.06.25"]
[Round "7"]
[White "dennisodessa"]
[Black "maximnovik"]
[Result "0-1"]
[WhiteElo "2656"]
[BlackElo "2526"]
[TimeControl "180+1"]
[EndTime "15:15:42 PDT"]
[Termination "maximnovik won by resignation"]

1. d4 Nf6 2. c4 g6 3. Nc3 d5 4.
Bg5 Ne4 5. Nxe4 dxe4 6. Qd2 Bg7 7. e3 c5 8. d5 h6 9. Bh4 O-O 10. Ne2 f5 11. Nc3 g5 12. Bg3 e5 13. dxe6 Qxd2+ 14.
Kxd2 Bxe6 15. f3 f4 16. Bf2 exf3 17. gxf3 Nc6 18. e4 Bd4 19. Bg1 Rad8 20. Nd5 Bxg1 21.
Rxg1 Ne5 22. Be2 Bxd5 23. cxd5 Kf7 24. Rac1 Rc8 25. Rc2 Kf6 26. Rgc1 c4 27. b3 b5 28. a4 a6 29. bxc4 bxc4 30. Kc3 Rb8 31. Kd4 Rb4 32. Kc5 Rxa4 33. Rf1 Rc8+ 34. Kd6 Rb4 0-1

[Event "Late-Titled-Tuesday-Blitz-June-25-2024"]
[Site "Chess.com"]
[Date "2024.06.25"]
[Round "7"]
[White "Grischuk"]
[Black "MarkusRagger"]
[Result "1-0"]
[WhiteElo "3116"]
[BlackElo "2797"]
[TimeControl "180+1"]
[EndTime "15:15:43 PDT"]
[Termination "Grischuk won by resignation"]

1. d4 Nf6 2. c4 g6 3. g3 c6 4. Bg2 d5 5. Qa4 Bg7 6. cxd5 O-O 7.
dxc6 Nxc6 8. Nf3 Nd5 9. O-O Nb6 10. Qa3 Nxd4 11. Nxd4 Qxd4 12. Nc3 Be6 13. Qxe7 Nc4 14.
Rd1 Qb6 15. Nd5 Qd8 16. Qxb7 Rb8 17. Qxa7 Re8 18. Bf4 Rxb2 19. Rac1 Ne5 20. Nc7 Qe7 21. Qc5 Bf8 22. Qxe5 Rxa2 23. Nxe6 Qxe6 24. Qxe6 fxe6 25.
Kf1 1-0

[Event "Late-Titled-Tuesday-Blitz-June-25-2024"]
[Site "Chess.com"]
[Date "2024.06.25"]
[Round "7"]
[White "MaestroCheck"]
[Black "DmitriiZakurdaev"]
[Result "1-0"]
[WhiteElo "2652"]
[BlackElo "2423"]
[TimeControl "180+1"]
[EndTime "15:15:44 PDT"]
[Termination "MaestroCheck won by resignation"]

1. e4 c6 2. d4 d5 3. Nd2 dxe4 4. Nxe4 Nf6 5. Nxf6+ exf6 6. c3 Bd6 7. Bd3 O-O 8.
Qc2 Re8+ 9. Ne2 h5 10. O-O h4 11. h3 Nd7 12. Bd2 Nf8 13. Rae1 Bc7 14. f4 Be6 15. c4 Qd6 16. a3 a5 17. f5 Qh2+ 18.
Kf2 Bd7 19. c5 Ng6 20. Rh1 Rxe2+ 21. Kxe2 Qxg2+ 22. Kd1 Nf4 23. Be4 Qg5 24. Ref1 Qh5+ 25. Kc1 Ne2+ 26. Kb1 Ng3 27. Rhg1 Nxf1 28. Rxf1 Re8 29.
Bd3 Bc8 30. Bc1 Bg3 31. Qg2 Re1 32. Rxe1 Bxe1 33. Qe4 Qd1 34. Bc2 Bxf5 35. Qxf5 Qxd4 36. Qc8+ 1-0

[Event "Late-Titled-Tuesday-Blitz-June-25-2024"]
[Site "Chess.com"]
[Date "2024.06.25"]
[Round "7"]
[White "AlejandroArias"]
[Black "tgpgoat"]
[Result "0-1"]
[WhiteElo "2351"]
[BlackElo "2508"]
[TimeControl "180+1"]
[EndTime "15:15:47 PDT"]
[Termination "tgpgoat won by resignation"]

1. e4 c5 2. Nf3 e6 3. g3 Nc6 4. Bg2 Qc7 5. O-O a6 6. Re1 Nf6 7. a4 b6 8. d3 Bb7 9. Nc3 Be7 10. h4 O-O 11. Bg5 Rfd8 12. e5 Nd5 13. Qe2 Bxg5 14. Nxd5 exd5 15. Nxg5 Nd4 16. Qh5 h6 17. Qxf7+ Kh8 18.
Qh5 Kg8 19. Rac1 hxg5 20. hxg5 Ne6 21. g4 Nf4 22. Qh2 Rf8 23. Re3 d4 24. Re4 Bxe4 25.
Bxe4 g6 26. Qh6 Qxe5 27. Bxg6 Qg7 28. Qxg7+ Kxg7 29. Be4 Ne2+ 0-1

[Event "Late-Titled-Tuesday-Blitz-June-25-2024"]
[Site "Chess.com"]
[Date "2024.06.25"]
[Round "7"]
[White "TokChess"]
[Black "maracayo"]
[Result "1-0"]
[WhiteElo "2519"]
[BlackElo "2389"]
[TimeControl "180+1"]
[EndTime "15:15:49 PDT"]
[Termination "TokChess won on time"]

1. d4 d6 2. Nf3 Nf6 3. c3 Nbd7 4. Bg5 e5 5. e3 Be7 6. Be2 O-O 7. O-O Re8 8. a4 c6 9. a5 Qc7 10. Nbd2 e4 11.
Ne1 d5 12. Bf4 Bd6 13. Bxd6 Qxd6 14. c4 Nf8 15. Nb3 dxc4 16. Bxc4 Ng4 17. g3 Qh6 18. h4 Ng6 19. Be2 Nf6 20. Ng2 Ne7 21. Nc5 g5 22. hxg5 Qxg5 23. Nf4 Rb8 24. Kg2 Nf5 25. Rh1 b6 26. axb6 axb6 27. Na4 Bd7 28. Nc3 b5 29. Ra7 Red8 30. Nh5 Nd5 31. Nxd5 cxd5 32. Nf4 Bc6 33. Rh5 Qf6 34. Qh1 h6 35. Rxf5 Qxf5 36. Qxh6 Ra8 37. Nh5 Rxa7 38. Nf6+ Qxf6 39.
Qxf6 Rc8 40. Bg4 Rcc7 41. b4 Kf8 42. Qd8+ Kg7 43. Bf5 1-0

[Event "Late-Titled-Tuesday-Blitz-June-25-2024"]
[Site "Chess.com"]
[Date "2024.06.25"]
[Round "7"]
[White "JanistanTV"]
[Black "Laico"]
[Result "1-0"]
[WhiteElo "2675"]
[BlackElo "2465"]
[TimeControl "180+1"]
[EndTime "15:15:50 PDT"]
[Termination "JanistanTV won on time"]

1. d4 e6 2. c4 f5 3. g3 Nf6 4. Bg2 Be7 5. Nf3 O-O 6. O-O d6 7. b3 Qe8 8. Nc3 Qh5 9. Ba3 a6 10. d5 e5 11. Nxe5 Ng4 12. Nxg4 fxg4 13. f4 Rf6 14.
Rf2 Nd7 15. e4 b5 16. Bb2 bxc4 17. bxc4 Nc5 18. Na4 Nxa4 19. Qxa4 Rf8 20. Qc6 Rb8 21. Qxc7 Rb7 22. Qa5 Bd8 23. Qd2 Bd7 24. Bd4 Bc7 25.
Raf1 Rfb8 26. e5 dxe5 27. fxe5 Bxe5 28. d6 Rb1 29. c5 Bxd4 30. Qxd4 Rxf1+ 31. Rxf1 Rc8 32. c6 Bxc6 33. Bxc6 1-0

[Event "Late-Titled-Tuesday-Blitz-June-25-2024"]
[Site "Chess.com"]
[Date "2024.06.25"]
[Round "7"]
[White "schondeln"]
[Black "konradrutkowski"]
[Result "0-1"]
[WhiteElo "2379"]
[BlackElo "2516"]
[TimeControl "180+1"]
[EndTime "15:15:50 PDT"]
[Termination "konradrutkowski won by resignation"]

1. e4 c5 2. Nf3 Nc6 3. Bb5 g6 4. O-O Bg7 5. Re1 Nf6 6. e5 Ng4 7. Bxc6 dxc6 8. h3 Nh6 9. Nc3 O-O 10. d3 Nf5 11. Bf4 Nd4 12. Nxd4 cxd4 13. Ne4 Bf5 14. Qd2 Rc8 15. Ng3 Be6 16. Bh6 c5 17. Bxg7 Kxg7 18. b3 b5 19. a4 a6 20. axb5 axb5 21.
Qg5 h6 22. Qf4 c4 23. bxc4 bxc4 24. dxc4 Rxc4 25. Rad1 Qb6 26. Qd2 Rfc8 27. Ne2 Rxc2 28. Qxd4 Qxd4 29. Nxd4 Rb2 30. Nxe6+ fxe6 31. Rd3 Rcc2 32.
Rf3 Re2 33. Rxe2 Rxe2 34. Re3 Rxe3 35. fxe3 g5 36. g4 Kf7 37. Kf2 Ke8 38. Kf3 Kd7 39. Ke4 Kc6 40. Kd4 Kb5 41. Ke4 Kc4 42. Kf3 Kd3 43. Kf2 Ke4 44. Ke2 Kxe5 45. Kf3 Kd5 46. Kf2 Ke4 47. Ke2 e5 48. Kf2 Kd3 49. Kf3 e4+ 50. Kf2 Kd2 0-1

[Event "Late-Titled-Tuesday-Blitz-June-25-2024"]
[Site "Chess.com"]
[Date "2024.06.25"]
[Round "7"]
[White "GoltsevDmitry2000"]
[Black "AlexanderMatlak"]
[Result "1-0"]
[WhiteElo "2692"]
[BlackElo "2462"]
[TimeControl "180+1"]
[EndTime "15:15:51 PDT"]
[Termination "GoltsevDmitry2000 won by resignation"]

1. e4 c5 2. Nf3 d6 3. d4 cxd4 4. Nxd4 Nf6 5. Nc3 a6 6. Be2 e6 7. O-O Qc7 8. Bg5 Nbd7 9. Qd2 b5 10.
a3 Bb7 11. f3 Be7 12. Rad1 O-O 13. Kh1 Rac8 14. Qe3 Rfe8 15. f4 Qb6 16. Qg3 Rxc3 17. bxc3 Nxe4 18. Qh4 Bxg5 19. fxg5 Nxc3 20. Bd3 Nf8 21.
Rd2 Ng6 22. Bxg6 hxg6 23. Rd3 Ne4 24. Rh3 Kf8 25. Qh8+ Ke7 26. Qxg7 Rf8 27. Rh8 Qd8 28. Nxe6 Kxe6 29. Rxf8 Qe7 30. R8xf7 Qxg5 31. R7f3 Kd5 32. Qxb7+ 1-0

[Event "Late-Titled-Tuesday-Blitz-June-25-2024"]
[Site "Chess.com"]
[Date "2024.06.25"]
[Round "7"]
[White "chesspingvin1995"]
[Black "Keithonsky"]
[Result "0-1"]
[WhiteElo "2271"]
[BlackElo "2617"]
[TimeControl "180+1"]
[EndTime "15:15:55 PDT"]
[Termination "Keithonsky won by checkmate"]

1. Nf3 c5 2. g3 Nc6 3. Bg2 e5 4. c4 g6 5. Nc3 Bg7 6. O-O Nge7 7. a3 a5 8. Ne1 O-O 9. Nc2 d6 10. Rb1 Be6 11. d3 d5 12. cxd5 Nxd5 13. Nxd5 Bxd5 14. Bxd5 Qxd5 15. Ne3 Qe6 16. Bd2 Rad8 17. b4 axb4 18. axb4 cxb4 19. Bxb4 Rfe8 20. Qb3 Qh3 21. Bc5 Nd4 22.
Bxd4 exd4 23. Ng2 Bh6 24. Qxb7 Rxe2 25. Rbe1 Qe6 26. Rxe2 Qxe2 27. Qb6 Rd7 28. Qb3 Kg7 29. Re1 Qf3 30. Qd1 Qf6 31. Qe2 Rc7 32. h4 Rc3 33.
h5 Bg5 34. f4 Bh6 35. hxg6 hxg6 36. Nh4 Bxf4 37. Rf1 Be3+ 38. Kg2 Qc6+ 39. Qf3 Rc2+ 40. Kh3 Qc8+ 41. g4 Qc7 42. Qg3 Qxg3+ 43. Kxg3 Rd2 44. Nf3 Rxd3 45. Ne5 Ra3 46. Rxf7+ Kg8 47. Nc4 Rc3 48. Rc7 Bg5+ 49. Kf2 Bf4 50. Rc8+ Kg7 51. Ke2 d3+ 52.
Kd1 Rc1# 0-1

[Event "Late-Titled-Tuesday-Blitz-June-25-2024"]
[Site "Chess.com"]
[Date "2024.06.25"]
[Round "7"]
[White "NikitaShnadrygin"]
[Black "tptagain"]
[Result "0-1"]
[WhiteElo "2749"]
[BlackElo "3026"]
[TimeControl "180+1"]
[EndTime "15:15:57 PDT"]
[Termination "tptagain won by resignation"]

1. e4 c6 2. d4 d5 3. f3 g6 4. Nc3 Bg7 5. Be3 Qb6 6. Bd3 e5 7. Na4 Qa5+ 8. c3 exd4 9. b4 Qd8 10. Bxd4 Bxd4 11. cxd4 dxe4 12. Bxe4 Qe7 13. Kf2 Nf6 14. Qd2 O-O 15. Re1 Qd6 16. Ne2 Rd8 17. Nc5 b6 18.
Nb3 Be6 19. Bc2 Nbd7 20. Rd1 Nd5 21. a3 N7f6 22. Ng3 h5 23. Ne4 Nxe4+ 24. fxe4 Nf6 25. e5 Ng4+ 26. Kg3 Nxe5 27. dxe5 Qxe5+ 28. Qf4 h4+ 29. Kf3 Qc3+ 30. Qe3 Bg4+ 31. Kf4 g5+ 0-1

[Event "Late-Titled-Tuesday-Blitz-June-25-2024"]
[Site "Chess.com"]
[Date "2024.06.25"]
[Round "7"]
[White "smallbaba"]
[Black "MarcoRiehle"]
[Result "1/2-1/2"]
[WhiteElo "2620"]
[BlackElo "2819"]
[TimeControl "180+1"]
[EndTime "15:15:57 PDT"]
[Termination "Game drawn by repetition"]

1. e4 e5 2. Nf3 Nf6 3. d4 Nxe4 4. Bd3 Nc6 5. Nxe5 Nxe5 6. dxe5 Nc5 7. Bc4 d6 8. Qf3 Ne6 9. exd6 Bxd6 10. Be3 O-O 11. Nc3 Be5 12. Bd3 Qf6 13. Qxf6 Bxf6 14. O-O-O c6 15.
Ne4 Be7 16. Bc4 b5 17. Bb3 a5 18. Nd6 a4 19. Nxc8 Raxc8 20. Bxe6 fxe6 21. Rd7 Rf7 22. Rhd1 h6 23. f3 Bf6 24. R7d6 Re7 25. Bc5 Kf7 26. Rd8 Rxd8 27. Rxd8 Rc7 28. Rf8+ Kg6 29. c3 h5 30. Kc2 Rd7 31. b3 axb3+ 32. axb3 Rd5 33. b4 h4 34. g4 hxg3 35. hxg3 Rh5 36. Bd4 Rh3 37. Bxf6 gxf6 38. Rc8 e5 39. Kb3 Kf5 40. g4+ Kg5 41. Rxc6 Rxf3 42. Rc5 Kxg4 43. Rxb5 e4 44. Rb8 e3 45. Re8 f5 46. b5 f4 47. b6 Rf1 48.
Kc2 Rf2+ 49. Kb3 Rf1 50. Kc2 Rf2+ 51. Kb3 Rf1 1/2-1/2

[Event "Late-Titled-Tuesday-Blitz-June-25-2024"]
[Site "Chess.com"]
[Date "2024.06.25"]
[Round "7"]
[White "IndianSchoolOfSuffering"]
[Black "KNVB"]
[Result "1-0"]
[WhiteElo "2515"]
[BlackElo "2677"]
[TimeControl "180+1"]
[EndTime "15:15:59 PDT"]
[Termination "IndianSchoolOfSuffering won on time"]

1. d4 Nf6 2. Nf3 e6 3. c4 b6 4. g3 Ba6 5. Qc2 Bb7 6. Bg2 Bb4+ 7. Bd2 Bxd2+ 8. Nbxd2 d6 9. O-O Nbd7 10. e4 e5 11. d5 a5 12. Ne1 Nc5 13. b3 O-O 14.
a3 Qe7 15. Rb1 Bc8 16. b4 axb4 17. axb4 Ncd7 18. Nd3 Bb7 19. Rfc1 Rfb8 20. c5 Ba6 21. c6 Bxd3 22. Qxd3 Nf8 23. Ra1 Qd8 24. Nb3 g5 25. f3 h5 26. Qc3 Ng6 27. Rxa8 Rxa8 28.
Ra1 Qb8 29. Rxa8 Qxa8 30. Qa1 Qxa1+ 31. Nxa1 g4 32. Nc2 Kg7 33. Na3 Kh6 34. Nb5 Ne8 35. Kf2 Kg5 36. h4+ Kh6 37. Ke3 Nf8 38. fxg4 hxg4 39. Bf1 Nh7 40. Nc3 Kh5 41. Ba6 1-0

[Event "Late-Titled-Tuesday-Blitz-June-25-2024"]
[Site "Chess.com"]
[Date "2024.06.25"]
[Round "7"]
[White "ArchibaldCerveza29"]
[Black "TERMINATOR_PC"]
[Result "0-1"]
[WhiteElo "2413"]
[BlackElo "2597"]
[TimeControl "180+1"]
[EndTime "15:16:01 PDT"]
[Termination "TERMINATOR_PC won by resignation"]

1. e4 c6 2. Nc3 d5 3. Nf3 dxe4 4. Nxe4 Nf6 5. Qe2 Nxe4 6. Qxe4 Qd5 7. Qh4 Qe6+ 8. Be2 Qg4 9. Qg3 Qxg3 10. hxg3 g6 11. d4 Bg7 12. Bh6 Bxh6 13. Rxh6 Kf8 14. O-O-O Kg7 15.
Rh4 Nd7 16. Bc4 Nf6 17. Re1 e6 18. Ne5 Rd8 19. c3 h5 20. g4 Nxg4 21. Nxg4 hxg4 22.
Rxg4 Rh8 23. Kd2 Bd7 24. Re5 Rh1 25. f4 Rah8 26. Re1 Rxe1 27. Kxe1 Rh1+ 28. Kd2 e5 29. Rg5 exf4 30. Re5 Kf6 31. Re4 g5 32. Re2 Bg4 33. Rf2 Bf5 34. b4 Be4 35. Re2 Bd5 36. Bxd5 cxd5 37.
Kd3 Rd1+ 38. Kc2 Ra1 39. Kd3 g4 40. Rf2 Kf5 41. Re2 f6 42. Re7 Rxa2 43. Rxb7 Rxg2 44. Rxa7 Rb2 45. Ra5 g3 46. Rxd5+ Kg4 47. Rd7 f3 48.
Rg7+ Kf4 49. c4 f2 50. Rg6 f1=Q+ 51. Kc3 Qc1+ 0-1

[Event "Late-Titled-Tuesday-Blitz-June-25-2024"]
[Site "Chess.com"]
[Date "2024.06.25"]
[Round "7"]
[White "Gabrielian_Artur"]
[Black "K_A_S_T_O_R"]
[Result "0-1"]
[WhiteElo "2723"]
[BlackElo "2862"]
[TimeControl "180+1"]
[EndTime "15:16:06 PDT"]
[Termination "K_A_S_T_O_R won on time"]

1. e4 c5 2. Nf3 d6 3. d4 cxd4 4.
Nxd4 Nf6 5. Nc3 a6 6. Bc4 e6 7.
Be3 b5 8. Bb3 Be7 9. f3 O-O 10.
Qe2 Bd7 11. a3 Nc6 12. O-O-O Qc7 13. g4 b4 14. Nxc6 Bxc6 15. axb4 Qb7 16. g5 Nd7 17. h4 Qxb4 18. h5 Nc5 19. Bxc5 Qxc5 20. g6 Bf6 21.
gxf7+ Kxf7 22. Rd3 Ke7 23. Rhd1 Be5 24. Kb1 a5 25.
Qd2 h6 26. Na4 Bxa4 27. Bxa4 Rab8 28. Rb3 Rxb3 29. cxb3 Rxf3 30. Rc1 Qd4 31. Qxd4 Bxd4 32. Rc7+ Kf6 33. Be8 Rxb3 34. Kc2 Rxb2+ 35. Kd3 Ke5 36. Rxg7 Rb3+ 37. Ke2 Re3+ 38. Kd1 Rxe4 39. Rg6 Be3 40.
Bf7 Kf5 41. Ke2 Bg5+ 42. Kf3 d5 43. Rg8 Re3+ 44. Kf2 Kf6 45. Bg6 Ra3 46. Rf8+ Ke5 47. Re8 Kd6 0-1

[Event "Late-Titled-Tuesday-Blitz-June-25-2024"]
[Site "Chess.com"]
[Date "2024.06.25"]
[Round "7"]
[White "CoachVadim"]
[Black "vova-79"]
[Result "0-1"]
[WhiteElo "2413"]
[BlackElo "2596"]
[TimeControl "180+1"]
[EndTime "15:16:06 PDT"]
[Termination "vova-79 won on time"]

1. Nf3 d5 2. g3 c6 3. Bg2 Bg4 4. Ne5 Bh5 5. c4 e6 6. cxd5 exd5 7. O-O Nd7 8. d4 Ngf6 9. Nc3 Bd6 10. f4 O-O 11. h3 h6 12. g4 Bg6 13. Nxg6 fxg6 14.
e4 dxe4 15. Nxe4 Bc7 16. Qb3+ Kh7 17. Qxb7 Nxe4 18. Bxe4 Nf6 19. Bxc6 Rb8 20. Qxa7 Bb6 21. Qa4 Bxd4+ 22. Kg2 Bxb2 23. Bxb2 Rxb2+ 24. Rf2 Rxf2+ 25. Kxf2 Qd2+ 26. Kg1 Nxg4 27. hxg4 Rxf4 28. Qa7 Rxg4+ 29.
Kf1 Qd3+ 0-1

[Event "Late-Titled-Tuesday-Blitz-June-25-2024"]
[Site "Chess.com"]
[Date "2024.06.25"]
[Round "7"]
[White "UnTucopalaTimba"]
[Black "PawnEatingZombie"]
[Result "0-1"]
[WhiteElo "2126"]
[BlackElo "2304"]
[TimeControl "180+1"]
[EndTime "15:16:06 PDT"]
[Termination "PawnEatingZombie won by resignation"]

1. e4 c5 2. Nf3 Nc6 3. c3 Nf6 4. e5 Nd5 5. d4 cxd4 6. cxd4 e6 7. Nc3 Nxc3 8. bxc3 d6 9. Bf4 Be7 10. Bd3 dxe5 11.
Nxe5 Nxe5 12. Bxe5 O-O 13. Qh5 g6 14. Qh6 Bf6 15. f4 Bxe5 16. fxe5 Qa5 17. Qd2 Bd7 18. O-O Rac8 19. Rac1 Bb5 20. Rf2 Bxd3 21. Qxd3 b5 22. Rb2 a6 23. Qf3 Rc4 24. Rf2 Qc7 25.
Qd3 Rc8 26. Qf3 Rxd4 27. cxd4 Qxc1+ 28. Rf1 Qc7 29. h3 Rd8 30. Qf4 a5 31. Rc1 Qb7 32. Qd2 b4 33. Rc5 a4 34. Qd1 b3 35. axb3 axb3 36.
Rc3 Rb8 37. Qb1 b2 38. Rc2 Qb4 39. Kh1 Qxd4 40. Rc7 Qxe5 41. Rc2 Qe4 42. Rc8+ Rxc8 43. Qxe4 Rc1+ 0-1

[Event "Late-Titled-Tuesday-Blitz-June-25-2024"]
[Site "Chess.com"]
[Date "2024.06.25"]
[Round "7"]
[White "Viktor_Poddubnyi"]
[Black "katharinareinecke"]
[Result "1-0"]
[WhiteElo "2329"]
[BlackElo "2045"]
[TimeControl "180+1"]
[EndTime "15:16:06 PDT"]
[Termination "Viktor_Poddubnyi won by resignation"]

1. e4 c6 2. d4 d5 3. exd5 cxd5 4. c4 Nf6 5. Nc3 e6 6. Nf3 Be7 7. cxd5 Nxd5 8. g3 O-O 9. Bg2 Nc6 10. O-O Rb8 11. Re1 b6 12. Nxd5 exd5 13. Bf4 Bd6 14.
Ne5 Nxe5 15. dxe5 Bb4 16. Re3 Bc5 17. Rd3 d4 18. e6 Bxe6 19. b4 Bxb4 20. Rxd4 Qe7 21.
Bxb8 Rxb8 22. Bd5 Bc3 23. Bxe6 fxe6 24. Rd7 Qf6 25. Rc1 Rf8 26. Rc2 Bb4 27. Rxa7 Bc5 28. Qe1 h6 29. Ra4 Kh7 30. Rf4 Qe7 31. Rxf8 Qxf8 32. Qxe6 Qxf2+ 33. Rxf2 Bxf2+ 34. Kxf2 1-0

[Event "Late-Titled-Tuesday-Blitz-June-25-2024"]
[Site "Chess.com"]
[Date "2024.06.25"]
[Round "7"]
[White "SaraBlackPanther"]
[Black "Necromon"]
[Result "1/2-1/2"]
[WhiteElo "2736"]
[BlackElo "2577"]
[TimeControl "180+1"]
[EndTime "15:16:11 PDT"]
[Termination "Game drawn by agreement"]

1. c4 e5 2. Nc3 Nf6 3. Nf3 Nc6 4. e4 Bb4 5. d3 O-O 6. a3 Bc5 7. b4 Bd4 8. Nxd4 Nxd4 9. Ne2 Ne6 10. Bb2 d6 11. g3 b6 12. Bg2 Bb7 13. O-O a5 14. f4 Ng4 15. f5 Ne3 16. Qc1 Nxf1 17. fxe6 fxe6 18. Bxf1 axb4 19. axb4 Rxa1 20. Bxa1 Qf6 21. Qe1 Ra8 22. Bh3 Ra2 23. Nc3 Rc2 24. Bg4 Qh6 25.
Ne2 Kf7 26. Bc3 Qg5 27. Qd1 Qe3+ 28. Kf1 Ra2 29. Qb1 Ra8 30. Bb2 Ke7 31. Bc1 Rf8+ 32. Nf4 Qd4 33. Bb2 Qe3 34. Bc1 Qd4 1/2-1/2

[Event "Late-Titled-Tuesday-Blitz-June-25-2024"]
[Site "Chess.com"]
[Date "2024.06.25"]
[Round "7"]
[White "Tonychess32"]
[Black "Crazy_girl99"]
[Result "1-0"]
[WhiteElo "2557"]
[BlackElo "2690"]
[TimeControl "180+1"]
[EndTime "15:16:11 PDT"]
[Termination "Tonychess32 won by checkmate"]

1. e4 e5 2. Bc4 Nf6 3. d3 Nc6 4. Nf3 Bc5 5. Bb3 d6 6. c3 Bb6 7.
Nbd2 O-O 8. O-O Re8 9. h3 h6 10.
Re1 Be6 11. Nf1 d5 12. Qe2 d4 13. Ng3 Qd7 14. Bc2 Rad8 15. Kh2 Nh7 16. Nh4 Ne7 17. Rf1 dxc3 18. bxc3 c6 19. Qh5 Nf6 20. Qf3 Nh7 21. Qh5 Rf8 22. Bxh6 gxh6 23. Qxh6 f6 24. f4 exf4 25.
Rxf4 Bc7 26. e5 fxe5 27. d4 Nd5 28. Bxh7+ Qxh7 29. Qxe6+ Kh8 30. Ng6+ Qxg6 31. Qxg6 exf4 32. Nf5 f3+ 33. g3 Rd7 34. Rf1 Rdf7 35. Rxf3 Rf6 36. Qh5+ Kg8 37. Qg5+ Kh7 38. Qg7# 1-0

[Event "Late-Titled-Tuesday-Blitz-June-25-2024"]
[Site "Chess.com"]
[Date "2024.06.25"]
[Round "7"]
[White "campochess"]
[Black "RodriQA"]
[Result "1-0"]
[WhiteElo "2228"]
[BlackElo "2395"]
[TimeControl "180+1"]
[EndTime "15:16:17 PDT"]
[Termination "campochess won on time"]

1. e4 b6 2. d4 Bb7 3. Nc3 e6 4. a3 Nf6 5. f3 d5 6. Bg5 Be7 7. e5 Nfd7 8. Be3 c5 9. f4 g6 10.
Nf3 Nc6 11. Ne2 cxd4 12. Nexd4 Rc8 13. Nxc6 Rxc6 14. Bd3 a6 15. O-O Nc5 16. Nd4 Rc8 17.
Rc1 O-O 18. Qe1 b5 19. Kh1 Ne4 20. Nf3 Qc7 21. Bxe4 dxe4 22. Nd4 Bd5 23. c3 Qb7 24. h4 h5 25. Qg3 Kh7 26. Kh2 a5 27. Qh3 b4 28. axb4 axb4 29. Bd2 Kg7 30. Ra1 Rfd8 31. Ra5 bxc3 32. Bxc3 Bb4 33. Rb5 Qxb5 34. Nxb5 Bc4 35. Nd6 Bxf1 36. Nxc8 Bxc3 37. Nd6 Bd2 38. Qg3 e3 39. Qg5 Rf8 40. f5 Bd3 41. Qf6+ Kh7 42. fxe6 e2 43. e7 e1=Q 44. exf8=Q 1-0

[Event "Late-Titled-Tuesday-Blitz-June-25-2024"]
[Site "Chess.com"]
[Date "2024.06.25"]
[Round "7"]
[White "AlexOstrovskiy"]
[Black "AGW2016"]
[Result "1-0"]
[WhiteElo "2718"]
[BlackElo "2558"]
[TimeControl "180+1"]
[EndTime "15:16:18 PDT"]
[Termination "AlexOstrovskiy won by resignation"]

1. e4 e5 2. Nf3 Nc6 3. Bc4 Bc5 4.
c3 Nf6 5. d4 exd4 6. cxd4 Bb4+ 7. Nbd2 d5 8. exd5 Nxd5 9. O-O O-O 10. a3 Ba5 11. b4 Bb6 12. Qb3 Nce7 13. Re1 c6 14.
Ne4 h6 15. Bb2 Bf5 16. Nc5 Qc7 17. Rac1 Rfe8 18. Ne5 Rad8 19. a4 a6 20. h3 Ng6 21.
Nxg6 Rxe1+ 22. Rxe1 Bxg6 23. b5 axb5 24. axb5 Bxc5 25. dxc5 Qa5 26. Rd1 Re8 27. Bxd5 cxd5 28. Bc3 Qc7 29. Qxd5 Re2 30. b6 Qe7 31. Qd8+ Qxd8 32.
Rxd8+ Kh7 33. Rd7 Rc2 34. Bd4 Rd2 35. c6 bxc6 36. b7 Rd1+ 37. Kh2 Rb1 38. Be5 f6 39. b8=Q 1-0